 Dungeon Crawl Stone Soup version 0.32-a0-921-g04a7ad8e02 (webtiles) character file.

Game seed: 2802885899433832078

2171118 BlackSun the Ruinous (level 27, 214/226 HPs)
             Began as a Naga Ice Elementalist on Apr 10, 2024.
             Was the Champion of Vehumet.
             Escaped with the Orb
             ... and 4 runes on Apr 11, 2024!
             The game lasted 02:58:23 (80779 turns).

BlackSun the Ruinous (Naga Ice Elementalist)       Turns: 80779, Time: 02:58:24

Health: 214/226    AC: 23    Str: 19    XL:     27
Magic:  60/60      EV:  9    Int: 46    God:    Vehumet [******]
Gold:   10182      SH:  0    Dex: 19    Spells: 1/62 levels left

rFire   + + .        d - +6 Majin-Bo {spellvamp, MP+6 Int+6}
rCold   + + +        v - crystal ball of Wucad Mu {*channel}
rNeg    + . .        Q - +0 robe of Untold Secrets {Str+4 Int+7}
rPois   +            S - -2 hat of the Alchemist {rElec rPois rF+ rC+ rN+ Will+ rMut rCorr}
rElec   +            k - scarf of Giugi {repulsion, ^Drain rElec rPois Int+2}
rCorr   +            o - +0 pair of gloves "Pinniosi" {Int+6 Stlth-}
SInv    +            n - +6 lightning scales {swift, rElec}
Will    ++++.        P - amulet "Lywoohol" {rC+++ RegenMP+ Int-2 Dex+5}
Stlth   ++           W - ring "Fitos" {rF+ MP+9 Str+4}
HPRegen 0.57/turn    Z - ring of wizardry
MPRegen 0.77/turn

%: repel missiles, resist mutation, wizardry (x1), channel magic (40%)
@: studying 2 skills, slow
A: AC +9, large, see invisible, deformed body, poison resistance, slowness 2,
spit poison 1, naga tail 2, frail 1, cold vulnerability 1, subdued magic 2,
devolution 1
0: Orb of Zot
}: 4/15 runes: decaying, serpentine, slimy, silver
a: Spit Poison, Renounce Religion


You escaped.
You worshipped Vehumet.
Vehumet was exalted by your worship.
You visited 12 branches of the dungeon, and saw 55 of its levels.
You visited 2 bazaars.
You also visited: Trove, Ossuary, Gauntlet and Wizlab.

You collected 13536 gold pieces.
You spent 3354 gold pieces at shops.

Inventory:

Hand Weapons
 a - the +11 Singing Sword {sonic wave}
   (You found it on level 4 of the Depths)
 d - the +6 Majin-Bo (weapon) {spellvamp, MP+6 Int+6}
   (You acquired it on level 3 of the Depths)

   Int+6:     It affects your intelligence (+6).
   MP+6:      It affects your magic capacity (+6).
Armour
 h - the +3 robe of Marbles {rN++ Str+2}
   (You took it off Boris on level 4 of the Vaults)

   Str+2:     It affects your strength (+2).
   rN++:      It greatly protects you from negative energy.
 k - the scarf of Giugi (worn) {repulsion, ^Drain rElec rPois Int+2}
   (You found it on level 3 of the Crypt)

   Int+2:     It affects your intelligence (+2).
   rElec:     It insulates you from electricity.
   rPois:     It protects you from poison.
   ^Drain:    It drains your maximum health when unequipped.
 n - the +6 lightning scales (worn) {swift, rElec}
   (You acquired it on level 10 of the Dungeon)

   Swift:     It allows the wearer to cover ground more swiftly.
   rElec:     It insulates you from electricity.
 o - the +0 pair of gloves "Pinniosi" (worn) {Int+6 Stlth-}
   (You bought it in a shop in a bazaar)

   Int+6:     It affects your intelligence (+6).
   Stlth-:    It makes you less stealthy.
 r - the +5 scale mail of Nyicvui {rN+ rCorr Str+4 Stlth-}
   (You took it off a minotaur in a Gauntlet)

   Str+4:     It affects your strength (+4).
   rN+:       It protects you from negative energy.
   rCorr:     It protects you from acid and corrosion.
   Stlth-:    It makes you less stealthy.
 v - the crystal ball of Wucad Mu (worn) {*channel}
   (You found it on level 5 of the Pits of Slime)

   *Channel:  It often returns the magic spent to cast spells, but lowers their
   success rate.
   It always returns the magic spent on miscasts.
 C - the +4 skin of Zhor {*Englaciate rC+++ SInv}
   (You took it off a skeletal warrior on level 3 of the Crypt)

   *Englaciate: It radiates cold, occasionally slowing all nearby creatures who
   are not resistant to cold.
   rC+++:     It renders you almost immune to cold.
   SInv:      It lets you see invisible.
 F - a +2 kite shield of reflection
 J - a scarf of resistance
 N - the +10 Black Knight's barding {ponderous, rPois rN+}
   (You found it in a treasure trove)

   rPois:     It protects you from poison.
   rN+:       It protects you from negative energy.
 Q - the +0 robe of Untold Secrets (worn) {Str+4 Int+7}
   (You found it on level 1 of the Depths)

   Str+4:     It affects your strength (+4).
   Int+7:     It affects your intelligence (+7).
 S - the -2 hat of the Alchemist (worn) {rElec rPois rF+ rC+ rN+ Will+ rMut rCorr}
   (You found it in a Gauntlet)

   rF+:       It protects you from fire.
   rC+:       It protects you from cold.
   rElec:     It insulates you from electricity.
   rPois:     It protects you from poison.
   rN+:       It protects you from negative energy.
   Will+:     It increases your willpower.
   rCorr:     It protects you from acid and corrosion.
   rMut:      It protects you from mutation.
Magical Staves
 B - a staff of cold {!a}
 M - a staff of air {!a}
Jewellery
 E - a +5 ring of evasion
 K - the macabre finger necklace {Finger+ rN+}
   (You found it on level 5 of the Vaults)

   [amulet of nothing]

   Finger+:   It enables you to equip an extra ring.
   rN+:       It protects you from negative energy.
 P - the amulet "Lywoohol" (around neck) {rC+++ RegenMP+ Int-2 Dex+5}
   (You bought it in a shop in a bazaar)

   [amulet of magic regeneration]

   It increases your rate of magic regeneration.
   Int-2:     It affects your intelligence (-2).
   Dex+5:     It affects your dexterity (+5).
   rC+++:     It renders you almost immune to cold.
   RegenMP+:  It increases your rate of magic regeneration.
 W - the ring "Fitos" (left hand) {rF+ MP+9 Str+4}
   (You found it on level 3 of the Lair of Beasts)

   [ring of protection from fire]

   Str+4:     It affects your strength (+4).
   rF+:       It protects you from fire.
   MP+9:      It affects your magic capacity (+9).
 Z - a ring of wizardry (right hand)
Wands
 V - a wand of digging (5)
Scrolls
 f - 3 scrolls of fear
 i - 9 scrolls of fog
 l - 2 scrolls of butterflies
 s - 5 scrolls of brand weapon
 x - a scroll of amnesia
 y - 13 scrolls of enchant armour
 A - 8 scrolls of immolation {!r!r}
 D - 7 scrolls of enchant weapon
 G - 4 scrolls of revelation
 I - 7 scrolls of vulnerability {!r!r}
 L - 3 scrolls of blinking {!r}
 R - 7 scrolls of teleportation {@r4}
Potions
 b - a potion of magic
 c - 15 potions of attraction {!q}
 e - 6 potions of enlightenment
 g - 13 potions of might
 j - 12 potions of heal wounds {@q2}
 m - 27 potions of curing {@q1}
 p - 6 potions of invisibility
 q - 2 potions of cancellation
 t - 4 potions of brilliance
 u - a potion of haste {@q3}
 w - 3 potions of ambrosia
 z - 9 potions of lignification {!q}
 H - 6 potions of resistance
 X - 9 potions of mutation {!q}
Miscellaneous
 O - a phial of floods
 T - a phantom mirror
 U - a sack of spiders
 Y - a tin of tremorstones (2/2)


   Skills:
 - Level 16.0 Fighting
 - Level 14.0 Armour
 - Level 5.0 Dodging
 - Level 10.0 Stealth
 - Level 16.0 Shields
 - Level 18.0 Spellcasting
 + Level 22.8 Conjurations
 - Level 10.0 Summonings
 - Level 8.0 Necromancy
 - Level 6.0 Translocations
 - Level 10.0 Fire Magic
 - Level 19.0 Ice Magic
 - Level 18.0 Air Magic
 - Level 10.0 Earth Magic


You had one spell level left.
You knew the following spells:

 Your Spells              Type           Power      Damage    Failure   Level
b - Blink                 Tloc           100%       N/A       1%          2
c - Lehudib's Crystal Sp  Conj/Erth      44%        10d11     1%          8
i - Ignition              Fire           35%        3d11      9%          8
l - Chain Lightning       Conj/Air       48%        3d64      2%          9
o - Ozocubu's Refrigerat  Ice            47%        4d17      1%          7
p - Polar Vortex          Ice            47%        12d6*     4%          9
s - Spellforged Servitor  Conj/Summ      44%        N/A       1%          7
X - Plasma Beam           Fire/Air       41%        2x1d55    1%          6
Y - Arcjolt               Conj/Air       48%        1d58      1%          5

Your spell library contained the following spells:

 Spells                   Type           Power      Damage    Failure   Level
 Fire Storm               Conj/Fire      44%        8d11      9%          9
 Apportation              Tloc           100%       N/A       1%          1
 Foxfire                  Conj/Fire      100%       2x1d9     1%          1
 Freeze                   Ice            100%       1d10      1%          1
 Kiss of Death            Conj/Necr      100%       2d13      1%          1
 Magic Dart               Conj           100%       1d8       1%          1
 Necrotise                Necr           100%       1d9       1%          1
 Sandblast                Erth           100%       2d20      1%          1
 Shock                    Conj/Air       100%       1d9       1%          1
 Slow                     Hex            100%       N/A       1%          1
 Sting                    Conj/Alch      100%       1d9       1%          1
 Summon Small Mammal      Summ           100%       N/A       1%          1
 Call Imp                 Summ           100%       N/A       1%          2
 Ensorcelled Hibernation  Hex/Ice        100%       N/A       1%          2
 Jinxbite                 Hex            50%        N/A       1%          2
 Lesser Beckoning         Tloc           100%       N/A       1%          2
 Momentum Strike          Conj/Tloc      100%       3d10      1%          2
 Scorch                   Fire           100%       2d9       1%          2
 Searing Ray              Conj           100%       2d8       1%          2
 Static Discharge         Conj/Air       100%       3-8/arc   1%          2
 Sublimation of Blood     Necr           64%        N/A       1%          2
 Call Canine Familiar     Summ           70%        N/A       1%          3
 Confusing Touch          Hex            25%        N/A       1%          3
 Dazzling Flash           Conj/Hex       100%       N/A       1%          3
 Frozen Ramparts          Ice            100%       1d16      1%          3
 Fugue of the Fallen      Necr           64%        N/A       1%          3
 Hailstorm                Conj/Ice       98%        3d15      1%          3
 Maxwell's Portable Pile  Tloc           57%        2d(10-30) 1%          3
 Mephitic Cloud           Conj/Alch/Air  81%        N/A       1%          3
 Ozocubu's Armour         Ice            94%        N/A       1%          3
 Passwall                 Erth           70%        N/A       1%          3
 Sigil of Binding         Hex            25%        N/A       1%          3
 Stone Arrow              Conj/Erth      100%       3d13      1%          3
 Summon Ice Beast         Ice/Summ       83%        N/A       1%          3
 Swiftness                Air            92%        N/A       1%          3
 Teleport Other           Tloc           57%        N/A       1%          3
 Tukima's Dance           Hex            25%        N/A       1%          3
 Vampiric Draining        Necr           64%        2d10      1%          3
 Volatile Blastmotes      Fire/Tloc      100%       2d18      1%          3
 Airstrike                Air            46%        2d(7-23)  1%          4
 Anguish                  Hex/Necr       24%        N/A       1%          4
 Animate Armour           Summ/Erth      100%       N/A       1%          4
 Animate Dead             Necr           64%        N/A       1%          4
 Brom's Barrelling Bould  Conj/Erth      88%        2d10      1%          4
 Dimensional Bullseye     Hex/Tloc       21%        N/A       1%          4
 Dispel Undead            Necr           64%        3d22      1%          4
 Flame Wave               Conj/Fire      88%        2d19      1%          4
 Fulminant Prism          Conj/Alch      37%        3d17      1%          4
 Ignite Poison            Fire/Alch      53%        N/A       1%          4
 Iskenderun's Mystic Bla  Conj/Tloc      83%        2d16      (+2d91%     4
 Leda's Liquefaction      Alch/Erth      26%        N/A       1%          4
 Olgreb's Toxic Radiance  Alch           25%        N/A       1%          4
 Passage of Golubria      Tloc           57%        N/A       1%          4
 Petrify                  Alch/Erth      53%        N/A       1%          4
 Sticky Flame             Fire/Alch      53%        2d9       1%          4
 Summon Blazeheart Golem  Fire/Summ      70%        N/A       1%          4
 Summon Lightning Spire   Summ/Air       82%        N/A       1%          4
 Vhi's Electric Charge    Tloc/Air       100%       N/A       1%          4
 Borgnjor's Vile Clutch   Necr/Erth      33%        N/A       1%          5
 Curse of Agony           Necr           64%        N/A       1%          5
 Fireball                 Conj/Fire      44%        3d18      1%          5
 Freezing Cloud           Conj/Ice/Air   48%        6-21      1%          5
 Iskenderun's Battlesphe  Conj           100%       2d15      1%          5
 Lee's Rapid Deconstruct  Erth           35%        3d18*     1%          5
 Metabolic Englaciation   Hex/Ice        34%        N/A       1%          5
 Silence                  Hex/Air        33%        N/A       1%          5
 Summon Forest            Summ/Tloc      32%        N/A       1%          5
 Summon Mana Viper        Hex/Summ       53%        N/A       1%          5
 Bombard                  Conj/Erth      44%        9d7       1%          6
 Conjure Ball Lightning   Conj/Air       48%        3x3d17    1%          6
 Permafrost Eruption      Ice/Erth       41%        2x4d10    1%          6
 Sculpt Simulacrum        Ice/Alch       34%        N/A       1%          6
 Starburst                Conj/Fire      44%        6d12      1%          6
 Summon Cactus Giant      Summ           35%        N/A       1%          6
 Orb of Destruction       Conj           51%        9d13      1%          7
 Maxwell's Capacitive Co  Air            46%        ∞         1%          8
 Yara's Violent Unravell  Hex/Alch       12%        3d7       2%          5
 Cause Fear               Hex            12%        N/A       4%          4
 Dispersal                Tloc           28%        N/A       5%          6
 Gell's Gavotte           Tloc           28%        2d(24-35) 5%          6
 Monstrous Menagerie      Summ           35%        N/A       5%          7
 Summon Hydra             Summ           35%        N/A       5%          7
 Haunt                    Necr/Summ      33%        N/A       8%          7
 Eringya's Noxious Bog    Alch           12%        4d6       11%         6
 Borgnjor's Revivificati  Necr           32%        N/A       52%         8
 Infestation              Necr           32%        N/A       52%         8
 Disjunction              Tloc           28%        N/A       78%         8
 Enfeeble                 Hex            12%        N/A       89%         7
 Discord                  Hex            12%        N/A       100%        8
 Death's Door             Necr           32%        N/A       100%        9


Dungeon Overview and Level Annotations

Branches:
Dungeon (15/15)            Temple (1/1) D:4            Lair (5/5) D:8
  Swamp (4/4) Lair:3        Snake (4/4) Lair:3        Slime (5/5) Lair:5
    Orc (2/2) D:11            Elf (2/3) Orc:2        Vaults (5/5) D:13
  Crypt (3/3) Vaults:2       Tomb (0/3) Crypt:3      Depths (4/4) D:15
    Zot (5/5) Depths:4    Ossuary (visited)          WizLab (visited)
Gauntlet (visited)

Altars:
Ashenzari
Cheibriados
Dithmenos
Elyvilon
Fedhas
Gozag
Hepliaklqana
Kikubaaqudgha
Makhleb
Nemelex Xobeh
Okawaru
Qazlal
Ru
Sif Muna
Trog
Uskayaw
Vehumet
Wu Jian
Xom
Yredelemnul
Zin
The Shining One

Shops:
D:14 [:[   Orc:2 ?:!(   Elf:1 !   Snake:1 *   Snake:2 ?=   Vaults:4 =
Depths:3 ==:

Portals:
Hell: Depths:1 Depths:2 Depths:3 Depths:4
Abyss: Depths:1 Depths:3
Pandemonium: Orc:2 Depths:1 Depths:2
Ziggurat: Depths:4

Annotations:
Crypt:3 Mennas


Innate Abilities, Weirdness & Mutations

Your serpentine skin is tough. (AC +9)
You have supernaturally acute eyesight. (SInv)
Armour fits poorly on your strangely shaped body.
Your system is resistant to poisons. (rPois)
You cover ground very slowly.
You can spit poison.
You can use your snake-like lower body to constrict enemies.
You are frail. (-10% HP)
You are vulnerable to cold. (rC-)
Your spells are easier to cast, but less powerful.
You have hidden genetic defects.


Message History

The bolt of lightning hits the soul eater!!
The fiery plasma hits the soul eater!!!
The bolt of lightning hits the soul eater!!!
You kill the soul eater!
Vehumet accepts your kill. Magical energy flows into your mind!
A demonspawn black sun comes into view. It is wielding a +0 dire flail.
Aiming: Dig
Press: ? - help, Q - select action, (/) - cycle Shift-Dir - straight line You can't see that place. [the floor.]
The rock shatters into small pieces.
Casting: Plasma Beam (mildly dangerous; 1% risk of failure)
Confirm with . or Enter, or press ? or * to list all spells.
You can't see any susceptible monsters within range! (Use Z to cast anyway.) Unknown command.
Casting: Plasma Beam (mildly dangerous; 1% risk of failure)
Confirm with . or Enter, or press ? or * to list all spells.
Lightning arcs from your hands!
The bolt of lightning hits the demonspawn black sun!!!
You feel better.
Unknown command.
Casting: Chain Lightning (dangerous; 2% risk of failure)
Confirm with . or Enter, or press ? or * to list all spells.
Lightning arcs from your hands!
The bolt of lightning hits the demonspawn black sun!!!!
You feel better.
You kill the demonspawn black sun!
Vehumet accepts your kill.
You feel your power returning.
There is a stone staircase leading up here.
You start resting.
A Brimstone Fiend comes into view.
Unknown command.
Unknown command.
Unknown command.
You climb upwards.
There is a stone staircase leading down here.
Aiming: Dig
Press: ? - help, Q - select action, (/) - cycle Shift-Dir - straight line You can't see that place. [the floor.]
The rock shatters into small pieces.
Aiming: Dig
Press: ? - help, Q - select action, (/) - cycle Shift-Dir - straight line You can't see that place. [a staircase leading out of the dungeon.]
The rock shatters into small pieces.
There is a staircase leading out of the dungeon here.
You have escaped!

#...# #...............##...##.#
#...####.#############....#.##.#
#......#.#.............#..#.##.#
#...##...#.####.####.#.#....##.#
#...####.#.#.........#......##.#
##### #.#.#.#####.#.#.#....##.#
#.#.#.#.....#.#.#....##.#
#.#.#.#...#.#.#.#.......#
#.'.#...@.#.#.'.#.....###
#.#.#.#...#.#)#.#.....#
#.#.#.....#.#.#.#.##..#
####.#.#.#####.#.#.#.....#
#....#.#.......#.#.#.##.##
#####.##.#.####.####.#......#
#.....##.#...........#.##...#
#.....##.#############.##..##
##.....##...............##..#


There were no monsters in sight!

Vanquished Creatures
  the Royal Jelly (Slime:5)
  6 dread liches
  3 ancient liches
  5 orbs of fire (Zot:5)
  A juggernaut (Depths:1)
  Xtahua (Vaults:5)
  Boris (Vaults:4)
  Bai Suzhen (Snake:3)
  Vv (Zot:3)
  Margery (Vaults:3)
  Vashnia (Snake:2)
  Saint Roka (Crypt:2)
  the Lernaean hydra (Swamp:3)
  4 Killer Klowns
  A curse toe (Zot:2)
  Nikola (Snake:2)
  Norris (Vaults:3)
  7 golden dragons
  A bone dragon (Crypt:3)
  Jory (Vaults:3)
  Rupert (D:15)
  A Brimstone Fiend (Depths:1)
  3 Ice Fiends
  A hellephant (Vaults:4)
  5 electric golems
  Jorgrun (D:15)
  15 tentacled monstrosities
  Mlioglotl (Swamp:1)
  A shard shrike skeleton (Crypt:2)
  23 Orb Guardians (Zot:5)
  Grunn (Crypt:2)
  A walking divine tome (Depths:3)
  5 liches
  22 acid blobs
  A walking frostbound tome (Depths:4)
  3 titans (Vaults:5)
  5 quicksilver dragons
  3 deep elf master archers (WizLab)
  10 death cobs
  9 sphinxes
  Frances (Swamp:1)
  An ancient champion (Crypt:2)
  An Executioner (D:13)
  8 shadow dragons
  12 storm dragons
  A thorn hunter (WizLab)
  4 nagarajas
  Kirke (Elf:1)
  7 tengu reavers
  2 revenants (Crypt:3)
  Donald (Vaults:4)
  6 draconian knights
  4 fenstrider witches
  9 azure jellies
  8 fire giants
  2 draconian monks
  11 rockslimes
  2 draconian scorchers
  4 protean progenitors
  4 iron dragons
  3 ghost moths
  24 vault wardens
  9 draconian shifters
  3 frost giants
  4 orc warlords
  A cacodemon (Vaults:3)
  2 ghouls (Crypt:1)
  3 draconian stormcallers
  3 spriggan defenders (Depths:3)
  10 draconian annihilators
  A caustic shrike zombie (Crypt:3)
  5 formless jellyfish
  13 stone giants
  7 quicksilver oozes
  7 ironbound thunderhulks
  20 very ugly things
  29 ironbound preservers
  A vampire knight (Depths:4)
  16 green draconians
  5 deep elf death magi
  The ghost of NotYourErnst the Covert, a journeyman GrGl (Orc:2)
  11 red draconians
  A deep elf annihilator (Vaults:5)
  4 war gargoyles
  3 eleionomae
  3 deep elf demonologists
  12 yellow draconians
  4 dire elephants
  7 black draconians
  A demonspawn black sun (D:2)
  2 bunyips (Swamp:4)
  10 purple draconians
  9 spark wasps
  A minotaur (Gauntlet)
  14 white draconians
  Snorg (Lair:5)
  14 ettins
  4 eidola (Crypt:2)
  A green death (D:7)
  3 blizzard demons
  7 fire dragons
  18 yaktaur captains
  A quicksilver dragon zombie (Crypt:1)
  3 deep elf high priests
  2 shambling mangroves (WizLab)
  5 jiangshi (Crypt:2)
  An entropy weaver (Vaults:3)
  A quicksilver dragon skeleton (Crypt:3)
  A hell beast (Depths:2)
  39 vault guards
  13 hydras
  7 ice dragons
  8 great orbs of eyes
  3 ogre magi
  2 peacekeepers
  3 spriggan air magi
  A demonspawn (Orc:2)
  5 rakshasas
  5 salamander tyrants
  9 boulder beetles
  6 alligators
  2 spriggan skeletons (Crypt:3)
  6 ghost crabs
  27 centaur warriors
  9 ironbound frosthearts
  8 anacondas
  A dancing weapon (Elf:2)
  3 catoblepae
  3 tengu warriors
  16 two-headed ogres
  5 satyrs
  8 deep troll earth magi
  A death scarab (Gauntlet)
  5 spriggan berserkers
  12 naga warriors
  4 hell hogs
  7 orc high priests
  2 occultists (Depths:2)
  2 vampire magi
  7 hell knights
  A sun demon (Depths:1)
  18 naga sharpshooters
  6 soul eaters
  7 shock serpents
  Sonja (D:13)
  2 titan skeletons (Crypt:3)
  2 deep elf knights
  3 skysharks (Vaults:3)
  A fire crab (Lair:5)
  4 iron trolls
  20 skeletal warriors
  A shadow demon (D:10)
  A shadow wraith (Crypt:2)
  An alligator (shapeshifter) (Depths:4)
  2 death drakes (shapeshifter) (Vaults:5)
  7 goliath frogs
  6 sixfirhies
  4 salamander mystics
  78 deep trolls
  A sea snake (shapeshifter) (Vaults:5)
  A deep troll (shapeshifter) (Vaults:5)
  A spectral hydra (Gauntlet)
  2 spriggan druids
  7 mana vipers
  3 glowing orange brains
  2 naga ritualists
  2 obsidian statues (Zot:5)
  4 bog bodies
  A mana viper (shapeshifter) (D:15)
  14 swamp dragons
  3 deep elf archers
  2 large abominations (D:13)
  12 arcanists
  A flayed ghost (Vaults:2)
  13 phantasmal warriors
  A golden dragon skeleton (Vaults:5)
  16 orc knights
  11 lindwurms
  2 obsidian bats
  A harpy (shapeshifter) (D:13)
  6 necromancers
  An anaconda skeleton (Crypt:3)
  12 harpies
  7 thermic dynamos
  9 ironbound convokers
  A wolf spider (Lair:1)
  7 deep elf pyromancers
  A broodmother zombie (Crypt:2)
  2 shining eyes (shapeshifter)
  4 oklob plants
  30 ugly things
  9 deep elf zephyrmancers
  28 salamanders
  5 cyclopes
  A human zombie (Vaults:3)
  A faun (WizLab)
  3 shining eyes
  14 orc sorcerers
  33 moths of wrath
  6 will-o-the-wisps
  A manticore (D:14)
  A centaur zombie (D:15)
  An iron dragon skeleton (Crypt:3)
  Maurice (D:12)
  3 meliai (D:15)
  A human skeleton (Vaults:3)
  3 eyes of devastation
  12 elephants
  3 molten gargoyles (Lair:5)
  A rust devil (Depths:4)
  8 guardian serpents
  7 smoke demons
  13 naga magi
  16 vault sentinels
  4 kobold blastminers (Orc:2)
  An eleionoma skeleton (Crypt:2)
  7 gargoyles
  27 black mambas
  A fire giant skeleton (Crypt:2)
  2 centaur skeletons
  An unseen horror (D:12)
  16 cane toads
  A hellion (Depths:1)
  2 orange demons
  2 alligator snapping turtle skeletons
  41 yaktaurs
  A green draconian zombie (Crypt:1)
  An iron troll zombie (Crypt:1)
  A rime drake (Lair:2)
  2 kobold demonologists (D:10)
  11 komodo dragons
  A yaktaur (shapeshifter) (Vaults:4)
  A tengu conjurer (D:15)
  2 red devils
  5 freezing wraiths
  2 guardian mummies (Crypt:3)
  2 ice devils (D:12)
  2 trolls (shapeshifter)
  A yaktaur skeleton (Vaults:5)
  4 bloated husks
  9 tyrant leeches
  A wind drake (shapeshifter) (D:15)
  6 trolls
  13 hornets
  2 harpy skeletons (Crypt:3)
  4 polar bears
  22 blink frogs
  6 glass eyes
  A tarantella (shapeshifter) (D:15)
  A tarantella (Vaults:3)
  A stone giant simulacrum (Crypt:1)
  94 slime creatures
  2 air elementals (Elf:1)
  Sigmund (D:3)
  8 spriggans
  8 shadows
  A black mamba zombie (Crypt:3)
  2 vampires
  29 yaks
  3 water elementals (Elf:1)
  A centaur simulacrum (D:15)
  3 ettin skeletons
  3 fire dragon skeletons (Crypt:3)
  An ushabti (Crypt:3)
  Eustachio (D:4)
  6 wyverns
  4 wraiths
  7 basilisks
  6 golden eyes (Slime:2)
  4 steam dragons
  A fire elemental (Elf:2)
  A human simulacrum (Vaults:5)
  12 wargs
  13 swamp worms
  18 vampire mosquitoes
  3 acid dragons
  A skyshark zombie (Crypt:2)
  A two-headed ogre zombie (Crypt:1)
  33 nagas
  A swamp worm (shapeshifter) (D:15)
  3 hell hounds
  11 water moccasins
  A water nymph skeleton (Crypt:1)
  Duvessa (D:4)
  22 orc warriors
  12 swamp drakes
  3 black bears
  9 laughing skulls
  11 ogres
  2 centaurs (D:14)
  24 wolves
  A lindwurm skeleton (Crypt:2)
  Blork the orc (D:4)
  7 kobold brigands
  2 gnoll sergeants
  12 bullfrogs
  An earth elemental (Elf:2)
  2 scorpions
  A cyclops skeleton (Crypt:2)
  8 wights
  Dowan (D:4)
  6 killer bees (D:7)
  7 howler monkeys
  4 electric eels
  8 lava snakes
  A wolf skeleton (Crypt:2)
  19 jellies
  Crazy Yiuf (D:5)
  30 orc priests
  A sleepcap (D:6)
  Terence (D:3)
  2 iguanas (D:5)
  20 orc wizards
  A statue (D:9)
  A deep dwarf zombie (Crypt:1)
  2 mummies (Crypt:3)
  12 gnolls
  5 adders
  A shadow imp (D:5)
  A white imp (D:6)
  5 dart slugs
  78 orcs
  7 ball pythons
  24 endoplasms
  5 giant cockroaches
  8 goblins
  10 hobgoblins
  6 jackals
  17 kobolds
  3 quokkas
  16 bats
  2 frilled lizards (D:1)
  A kobold zombie (Ossuary)
  An orc zombie (Ossuary)
  A quokka zombie (Crypt:1)
  3 rats
  5 aspiring fleshes
2222 creatures vanquished.

Vanquished Creatures (collateral kills)
  Frederick (Crypt:2)
  A dread lich (Vaults:4)
  An orb of fire (Zot:5)
  An ancient lich (Crypt:3)
  Sojobo (Vaults:2)
  A caustic shrike (Depths:3)
  A curse toe (Zot:3)
  An electric golem (Zot:1)
  4 liches
  8 tentacled monstrosities
  2 Orb Guardians (Zot:5)
  3 walking earthen tomes
  An acid blob (Slime:1)
  A quicksilver dragon (Zot:1)
  A death cob (Zot:4)
  A tengu reaver (Vaults:2)
  A shadow dragon (Vaults:5)
  2 storm dragons
  A fire giant (Depths:4)
  A revenant (Crypt:2)
  A rockslime (Slime:5)
  2 frost giants (Depths:2)
  2 draconian shifters
  A draconian monk (Depths:4)
  An iron dragon (Depths:3)
  2 ghouls (Crypt:1)
  An ironbound preserver (Vaults:5)
  2 stone giants
  A spriggan defender (Depths:3)
  A curse skull (Crypt:3)
  7 very ugly things
  2 vampire knights
  A war gargoyle (Crypt:3)
  A spark wasp (Depths:2)
  A bunyip (Zot:3)
  2 black draconians
  A white draconian (Zot:1)
  A purple draconian (Zot:4)
  2 green draconians
  A fire dragon (Depths:4)
  2 ettins
  2 ice dragons
  A hell beast (Depths:1)
  A ghost crab (Crypt:3)
  2 spriggan air magi
  A death knight (Crypt:2)
  A vampire mage (Crypt:2)
  3 deep troll earth magi
  3 deep troll shamans
  A hell hog (Depths:1)
  2 spriggan berserkers (Depths:1)
  2 hell knights
  8 skeletal warriors
  3 iron trolls
  A soul eater (Depths:1)
  A glowing orange brain (shapeshifter) (Vaults:5)
  8 deep trolls
  A bunyip skeleton (Crypt:3)
  3 phantasmal warriors
  A wolf spider (shapeshifter) (Vaults:5)
  4 ugly things
  A stone giant skeleton (Crypt:3)
  A shining eye (Slime:1)
  A smoke demon (Depths:2)
  A gargoyle (Crypt:3)
  2 slime creatures
  A merfolk skeleton (Crypt:3)
  A fire dragon skeleton (Crypt:3)
  2 shadows (Crypt:3)
  2 wraiths
  An orc warrior (Vaults:5)
  An ogre (Vaults:5)
  2 laughing skulls
  A nameless horror (Crypt:3)
  2 mummies (Crypt:3)
137 creatures vanquished.

Vanquished Creatures (others)
  A bloated husk (Swamp:1)
  A hornet (Swamp:1)
  A spriggan (Swamp:3)
  2 humans (Elf:1)
  26 foxfires
31 creatures vanquished.

Grand Total: 2390 creatures vanquished

Notes
Turn   | Place    | Note
-------+----------+-------------------------------------------
     0 | D:1      | BlackSun the Naga Ice Elementalist began the quest for the
                  | Orb.
     0 | D:1      | Reached XP level 1. HP: 15/15 MP: 3/3
   270 | D:1      | Reached XP level 2. HP: 8/22 MP: 0/5
   527 | D:1      | Reached XP level 3. HP: 28/28 MP: 4/6
  1247 | D:2      | Reached XP level 4. HP: 36/36 MP: 4/8
  2355 | D:3      | Reached skill level 3 in Spellcasting
  2370 | D:3      | Reached XP level 5. HP: 28/42 MP: 1/9
  2459 | D:3      | Noticed Terence
  2468 | D:3      | Killed Terence
  2559 | D:3      | Noticed Sigmund
  2573 | D:3      | Killed Sigmund
  2574 | D:3      | Reached skill level 6 in Stealth
  2574 | D:3      | Reached XP level 6. HP: 19/49 MP: 8/11
  2809 | D:3      | Got the Guidebook on the Shadowy Sun
  3039 | D:3      | Found a shimmering blue altar of Sif Muna.
  3289 | D:4      | Noticed Duvessa
  3289 | D:4      | Noticed Dowan
  3314 | D:3      | Learned a level 3 spell: Frozen Ramparts
  3376 | D:4      | Reached XP level 7. HP: 40/55 MP: 7/13
  3489 | D:4      | Noticed Blork the orc
  3490 | D:4      | Noticed Eustachio
  3501 | D:4      | Killed Duvessa
  3509 | D:4      | Killed Dowan
  3510 | D:4      | Reached skill level 6 in Ice Magic
  3620 | D:4      | Killed Eustachio
  3697 | D:4      | Killed Blork the orc
  3812 | D:4      | Reached XP level 8. HP: 62/62 MP: 9/15
  3817 | D:4      | Reached skill level 9 in Stealth
  4116 | D:4      | Found a staircase to the Ecumenical Temple.
  4310 | Temple   | Entered the Ecumenical Temple
  4381 | D:5      | Entered Level 5 of the Dungeon
  4538 | D:5      | Found a glowing golden altar of the Shining One.
  4564 | D:5      | Reached skill level 6 in Spellcasting
  4789 | D:5      | Found a sand-covered staircase.
  4795 | Ossuary  | Entered an ossuary
  5257 | D:5      | Found a runed translucent door.
  5258 | D:5      | Noticed Crazy Yiuf
  5559 | D:5      | Killed Crazy Yiuf
  5583 | D:5      | Identified the +0 hammer of Vengeance {freeze, +Blink
                  | Will+}
  5961 | D:6      | Reached XP level 9. HP: 68/68 MP: 18/20
  6587 | D:7      | Reached skill level 1 in Air Magic
  6596 | D:7      | Reached skill level 1 in Fire Magic
  6715 | D:7      | Found a shimmering altar of Xom.
  6797 | D:7      | Reached skill level 1 in Fighting
  6801 | D:7      | Reached skill level 1 in Armour
  7307 | D:8      | Reached skill level 3 in Air Magic
  7345 | D:8      | Reached skill level 3 in Fire Magic
  7401 | D:8      | Identified the +6 dagger of Massacring {flame, rPois rF+
                  | rC+}
  7408 | D:8      | Noticed a hornet
  7410 | D:8      | Paralysed by a hornet for 1 turns
  7412 | D:8      | Killed a hornet
  7413 | D:8      | Reached skill level 9 in Spellcasting
  7413 | D:8      | Reached XP level 10. HP: 60/80 MP: 16/23
  7926 | D:8      | Reached skill level 3 in Fighting
  7926 | D:8      | Reached skill level 3 in Dodging
  8019 | D:8      | Found a staircase to the Lair.
  8392 | D:8      | Identified a scroll of acquirement
  8714 | D:9      | Noticed a two-headed ogre
  8725 | D:9      | Killed a two-headed ogre
  8865 | D:9      | Noticed a two-headed ogre
  8873 | D:9      | Killed a two-headed ogre
  8874 | D:9      | Reached skill level 3 in Armour
  8874 | D:9      | Reached XP level 11. HP: 91/91 MP: 24/24
  8903 | D:9      | Found a hide-covered altar of Uskayaw.
  9312 | D:9      | Found a radiant altar of Vehumet.
  9319 | D:9      | Became a worshipper of Vehumet
  9516 | D:9      | Found a glowing silver altar of Zin.
  9557 | D:10     | Entered Level 10 of the Dungeon
  9808 | D:10     | Reached skill level 6 in Fire Magic
  9808 | D:10     | Reached skill level 6 in Air Magic
  9931 | D:10     | Noticed a two-headed ogre
  9940 | D:10     | Killed a two-headed ogre
 10116 | D:10     | Found a sacrificial altar of Ru.
 10116 | D:10     | Found a broken altar of Ashenzari.
 10371 | D:10     | Acquired 1032 gold pieces
 10372 | D:10     | Acquired the +6 lightning scales {swift, rElec}
 10372 | D:10     | Found the +6 lightning scales {swift, rElec}
 10412 | D:11     | Noticed a boulder beetle
 10419 | D:11     | Killed a boulder beetle
 10542 | D:11     | Noticed a boulder beetle
 10549 | D:11     | Killed a boulder beetle
 10552 | D:11     | Found a flickering gateway to a bazaar.
 10557 | Bazaar   | Entered a bazaar
 10621 | Bazaar   | Found Tuthrox's Jewellery Shoppe.
 10666 | Bazaar   | Found Sottegh's Jewellery Boutique.
 10696 | Bazaar   | Found Besesodwo's Magic Scroll Shoppe.
 10770 | Bazaar   | Found Vufori's Jewellery Shoppe.
 11011 | Bazaar   | Bought a scroll of acquirement for 832 gold pieces
 11011 | Bazaar   | Acquired 768 gold pieces
 11070 | Bazaar   | Bought the amulet "Lywoohol" {rC+++ RegenMP+ Int-2 Dex+5}
                  | for 626 gold pieces
 11249 | Bazaar   | Bought a scroll of fear for 64 gold pieces
 11290 | D:11     | Noticed a cyclops
 11299 | D:11     | Killed a cyclops
 11516 | D:11     | Noticed a two-headed ogre
 11527 | D:11     | Killed a two-headed ogre
 11748 | D:11     | Found a staircase to the Orcish Mines.
 11853 | D:11     | Noticed a boulder beetle
 11873 | D:11     | Killed a boulder beetle
 12082 | D:11     | Reached * piety under Vehumet
 12082 | D:11     | Offered knowledge of Sting by Vehumet.
 12087 | D:11     | Reached XP level 12. HP: 96/103 MP: 21/26
 12308 | D:11     | Found a portal to a secret trove of treasure.
 12582 | Lair:1   | Entered Level 1 of the Lair of Beasts
 12711 | Lair:1   | Reached skill level 1 in Shields
 12941 | Lair:1   | Reached ** piety under Vehumet
 12961 | Lair:1   | Offered knowledge of Foxfire by Vehumet.
 13459 | Lair:1   | Reached skill level 3 in Shields
 13511 | Lair:1   | Offered knowledge of Mephitic Cloud by Vehumet.
 13846 | Lair:1   | Reached *** piety under Vehumet
 14087 | Lair:1   | Learned a level 6 spell: Plasma Beam
 14193 | Lair:2   | Gained mutation: You can use your snake-like lower body to
                  | constrict enemies. [Naga growth]
 14193 | Lair:2   | Reached XP level 13. HP: 109/109 MP: 12/28
 14423 | Lair:2   | Offered knowledge of Flame Wave by Vehumet.
 15005 | Lair:3   | Identified the ring "Fitos" {rF+ MP+9 Str+4}
 15033 | Lair:3   | Reached skill level 9 in Fire Magic
 15140 | Lair:3   | Reached skill level 9 in Air Magic
 15436 | Lair:3   | Found a staircase to the Snake Pit.
 15667 | Lair:3   | Reached **** piety under Vehumet
 15713 | Lair:3   | Found a staircase to the Swamp.
 16041 | Lair:4   | Offered knowledge of Ignite Poison by Vehumet.
 16554 | Lair:4   | Reached skill level 12 in Spellcasting
 16932 | Lair:5   | Entered Level 5 of the Lair of Beasts
 16934 | Lair:5   | Reached skill level 6 in Fighting
 17272 | Lair:5   | Reached ***** piety under Vehumet
 17282 | Lair:5   | Reached XP level 14. HP: 121/121 MP: 4/30
 17299 | Lair:5   | Offered knowledge of Lee's Rapid Deconstruction by Vehumet.
 17642 | Lair:5   | Reached skill level 6 in Shields
 17765 | Lair:5   | Noticed Snorg
 17775 | Lair:5   | Killed Snorg
 17888 | Lair:5   | Found a staircase to the Slime Pits.
 18583 | Lair:5   | Found a large runed translucent door.
 18584 | Lair:5   | Found a large runed translucent door.
 19413 | Orc:1    | Entered Level 1 of the Orcish Mines
 19420 | Orc:1    | Learned a level 5 spell: Arcjolt
 19974 | Orc:2    | Entered Level 2 of the Orcish Mines
 19974 | Orc:2    | Noticed an orc warlord
 19980 | Orc:2    | Reached skill level 9 in Fighting
 19984 | Orc:1    | Killed an orc warlord
 20311 | Orc:2    | Offered knowledge of Iskenderun's Battlesphere by Vehumet.
 20329 | Orc:2    | Found a staircase to the Elven Halls.
 20545 | Orc:2    | Found a transporter.
 20554 | Orc:2    | Noticed NotYourErnst's ghost (journeyman GrGl)
 20779 | Orc:2    | Found Porej's Magic Scroll Shop.
 20848 | Orc:2    | Found Ureprues's Distillery.
 20865 | Orc:2    | Bought a potion of heal wounds for 50 gold pieces
 20865 | Orc:2    | Bought a potion of heal wounds for 50 gold pieces
 21059 | Orc:2    | Found a transporter.
 21505 | Orc:2    | Bought a scroll of teleportation for 42 gold pieces
 21538 | Orc:2    | Reached XP level 15. HP: 138/138 MP: 24/33
 21719 | Orc:2    | Found Utaog's Book Shoppe.
 21719 | Orc:2    | Found Susy Jai's Antique Weapon Emporium.
 21720 | Orc:2    | Found a one-way gate leading to the halls of Pandemonium.
 21799 | Orc:2    | Offered knowledge of Fireball by Vehumet.
 21818 | Orc:2    | Killed NotYourErnst's ghost
 22019 | Orc:2    | Identified the +4 hat of the Shrieking God {-Tele Str+2
                  | Dex+6}
 22068 | Orc:2    | Bought a potion of might for 40 gold pieces
 22068 | Orc:2    | Bought a potion of invisibility for 80 gold pieces
 22068 | Orc:2    | Bought 2 potions of cancellation for 160 gold pieces
 22068 | Orc:2    | Bought a potion of magic for 80 gold pieces
 22068 | Orc:2    | Bought a potion of ambrosia for 80 gold pieces
 22211 | D:12     | Noticed Maurice
 22214 | D:12     | Killed Maurice
 22266 | D:12     | Found a gate leading to a gauntlet.
 22272 | Gauntlet | Entered a Gauntlet
 22272 | Gauntlet | Found a transporter.
 22272 | Gauntlet | Found a transporter.
 22272 | Gauntlet | Found a transporter.
 22275 | Gauntlet | Found a transporter.
 22276 | Gauntlet | Found a transporter.
 22276 | Gauntlet | Found a transporter.
 22286 | Gauntlet | Found a transporter.
 22286 | Gauntlet | Found a transporter.
 22290 | Gauntlet | Found a transporter.
 22306 | Gauntlet | Found a transporter.
 22405 | Gauntlet | Found a transporter.
 22420 | Gauntlet | Found a transporter.
 22491 | Gauntlet | Reached skill level 6 in Armour
 22651 | Gauntlet | Identified the +1 helmet of Intuition {Will++ Regen+}
 22681 | Gauntlet | Found the -2 hat of the Alchemist {rElec rPois rF+ rC+ rN+
                  | Will+ rMut rCorr}
 22681 | Gauntlet | Found the +3 giant club "Skullcrusher" {speed, Str+7}
 22681 | Gauntlet | Identified the +5 scale mail of Nyicvui {rN+ rCorr Str+4
                  | Stlth-}
 22715 | Gauntlet | Got the Omnibus of Fascination
 23661 | D:13     | Noticed Sonja
 23662 | D:13     | Killed Sonja
 24073 | D:13     | Found a sacrificial altar of Ru.
 24618 | D:13     | Found a gate to the Vaults.
 24929 | D:14     | Found Fyli Wock's Antique Armour Shop.
 24947 | D:14     | Reached XP level 16. HP: 135/146 MP: 9/34
 25269 | D:14     | Found Kytoikh's Armour Shoppe.
 25276 | D:14     | Found Umpis's Book Shoppe.
 25749 | D:15     | Entered Level 15 of the Dungeon
 25752 | D:15     | Noticed Jorgrun
 25759 | D:15     | Killed Jorgrun
 25760 | D:15     | Reached skill level 12 in Air Magic
 25940 | D:15     | Found an iron altar of Okawaru.
 26002 | D:15     | Found a huge runed translucent gate.
 26002 | D:15     | Found a huge runed translucent gate.
 26002 | D:15     | Found a huge runed translucent gate.
 26002 | D:15     | Found a huge runed translucent gate.
 26002 | D:15     | Found a huge runed translucent gate.
 26002 | D:15     | Found a huge runed translucent gate.
 26003 | D:15     | Found a huge runed translucent gate.
 26003 | D:15     | Found a huge runed translucent gate.
 26003 | D:15     | Found a huge runed translucent gate.
 26003 | D:15     | Found a huge runed translucent gate.
 26004 | D:15     | Found a huge runed translucent gate.
 26004 | D:15     | Found a huge runed translucent gate.
 26005 | D:15     | Offered knowledge of Starburst by Vehumet.
 26014 | D:15     | Found a huge runed translucent gate.
 26015 | D:15     | Found a huge runed translucent gate.
 26016 | D:15     | Found a huge runed translucent gate.
 26017 | D:15     | Found a huge runed translucent gate.
 26018 | D:15     | Found a huge runed translucent gate.
 26018 | D:15     | Found a huge runed translucent gate.
 26023 | D:15     | Found a huge runed translucent gate.
 26024 | D:15     | Found a huge runed translucent gate.
 26024 | D:15     | Found a huge runed translucent gate.
 26024 | D:15     | Found a huge runed translucent gate.
 26024 | D:15     | Found a huge runed translucent gate.
 26026 | D:15     | Noticed Rupert
 26035 | D:15     | Killed Rupert
 26036 | D:15     | Reached skill level 9 in Shields
 26099 | D:15     | Found a huge runed translucent gate.
 26124 | D:15     | Found a huge runed translucent gate.
 26125 | D:15     | Found a huge runed translucent gate.
 26163 | D:15     | Found a huge runed translucent gate.
 26164 | D:15     | Found a huge runed translucent gate.
 26165 | D:15     | Found a huge runed translucent gate.
 26166 | D:15     | Found a huge runed translucent gate.
 26166 | D:15     | Found a huge runed translucent gate.
 26166 | D:15     | Found a huge runed translucent gate.
 26166 | D:15     | Found a huge runed translucent gate.
 26167 | D:15     | Found a huge runed translucent gate.
 26168 | D:15     | Found a huge runed translucent gate.
 26168 | D:15     | Found a huge runed translucent gate.
 26299 | D:15     | Found a staircase to the Depths.
 27345 | Swamp:1  | Entered Level 1 of the Swamp
 27427 | Swamp:1  | Reached skill level 9 in Armour
 27773 | Swamp:1  | Noticed Frances
 27782 | Swamp:1  | Identified the ring of the Hero {Fire Dex+5}
 27783 | Swamp:1  | Killed Frances
 28172 | Swamp:2  | Noticed Mlioglotl
 28182 | Swamp:1  | Killed Mlioglotl
 29762 | Swamp:3  | Reached XP level 17. HP: 154/154 MP: 35/35
 30009 | Swamp:4  | Entered Level 4 of the Swamp
 30154 | Swamp:4  | Reached ****** piety under Vehumet
 30284 | Swamp:4  | Noticed the 27-headed Lernaean hydra
 30369 | Swamp:4  | Offered knowledge of Freezing Cloud by Vehumet.
 31276 | Swamp:3  | Killed the 27-headed Lernaean hydra
 31754 | Swamp:4  | Got a decaying rune of Zot
 31887 | Swamp:4  | Learned a level 5 spell: Freezing Cloud
 32218 | Snake:1  | Entered Level 1 of the Snake Pit
 32396 | Snake:1  | Found Hogouph's Assorted Antiques.
 32646 | Snake:1  | Reached skill level 15 in Spellcasting
 33434 | Snake:1  | Learned a level 2 spell: Blink
 33477 | Snake:2  | Reached skill level 1 in Translocations
 33643 | Snake:2  | Noticed Vashnia
 33666 | Snake:2  | Killed Vashnia
 33668 | Snake:2  | Reached skill level 12 in Fighting
 33934 | Snake:2  | Found Dausouh's Magic Scroll Shop.
 33938 | Snake:2  | Bought a scroll of acquirement for 780 gold pieces
 33938 | Snake:2  | Acquired 1260 gold pieces
 33940 | Snake:2  | Found Lutweq's Jewellery Boutique.
 33971 | Snake:2  | Reached skill level 3 in Translocations
 34456 | Snake:2  | Noticed Nikola
 34468 | Snake:2  | Killed Nikola
 34868 | Snake:2  | Identified the +0 robe "Xizooliu" {rC+ Int+2 Stlth+}
 36209 | Snake:3  | Reached XP level 18. HP: 168/168 MP: 25/37
 36548 | Snake:3  | Identified the +2 long sword of Optimality {elec, Stlth+}
 36714 | Snake:3  | Offered knowledge of Ozocubu's Refrigeration by Vehumet.
 36946 | Snake:4  | Entered Level 4 of the Snake Pit
 36946 | Snake:4  | Noticed Bai Suzhen
 37487 | Snake:2  | Learned a level 7 spell: Ozocubu's Refrigeration
 38007 | Snake:4  | Reached skill level 6 in Translocations
 38530 | Snake:4  | Reached skill level 12 in Armour
 38551 | Snake:4  | Identified the +6 sling of Accord {flame, rPois rCorr
                  | Dex+3}
 39122 | Snake:4  | Got a serpentine rune of Zot
 39682 | Snake:3  | Killed Bai Suzhen
 40281 | Elf:1    | Entered Level 1 of the Elven Halls
 40291 | Elf:1    | Reached skill level 9 in Ice Magic
 40316 | Elf:1    | Found Kuefuf's Distillery.
 40333 | Elf:1    | Paralysed by an air elemental for 1 turns
 40366 | Elf:1    | Noticed Kirke
 40370 | Elf:1    | Killed Kirke
 41070 | Elf:2    | Reached XP level 19. HP: 142/178 MP: 22/39
 41313 | Elf:2    | Offered knowledge of Orb of Destruction by Vehumet.
 41634 | Vaults:1 | Entered Level 1 of the Vaults
 42902 | Vaults:1 | Reached skill level 12 in Ice Magic
 42902 | Vaults:1 | Reached XP level 20. HP: 190/190 MP: 40/40
 43309 | Vaults:2 | Reached skill level 12 in Shields
 43446 | Vaults:2 | Gained mutation: Your spells are a little easier to cast,
                  | but a little less powerful. [mutagenic glow]
 43533 | Vaults:2 | Reached XP level 21. HP: 165/198 MP: 22/41
 43892 | Vaults:2 | Offered knowledge of Lehudib's Crystal Spear by Vehumet.
 43892 | Vaults:2 | Offered knowledge of Fire Storm by Vehumet.
 43892 | Vaults:2 | Offered knowledge of Chain Lightning by Vehumet.
 44359 | Vaults:2 | Found a staircase to the Crypt.
 44359 | Vaults:2 | Found an ancient bone altar of Kikubaaqudgha.
 44359 | Vaults:2 | Found a basalt altar of Yredelemnul.
 45812 | Vaults:3 | Acquired 533 gold pieces
 45827 | Vaults:3 | Noticed Norris
 46413 | Vaults:3 | Reached skill level 15 in Shields
 46619 | Vaults:3 | Reached skill level 1 in Conjurations
 46710 | Vaults:3 | Reached skill level 2 in Conjurations
 46715 | Vaults:3 | Reached skill level 3 in Conjurations
 46797 | Vaults:3 | Got the Incunable of Frigorific Aeromancy
 46959 | Vaults:3 | Reached skill level 4 in Conjurations
 47210 | Vaults:3 | Killed Norris
 47377 | Vaults:3 | Reached skill level 5 in Conjurations
 47530 | Vaults:3 | Reached skill level 6 in Conjurations
 47688 | Vaults:4 | Noticed Jory
 47697 | Vaults:3 | Reached XP level 22. HP: 121/206 MP: 4/42
 47868 | Vaults:4 | Noticed Margery
 47870 | Vaults:4 | Reached skill level 1 in Summonings
 47879 | Vaults:3 | Killed Jory
 47970 | Vaults:3 | Killed Margery
 48140 | Vaults:4 | Reached skill level 3 in Summonings
 48384 | Vaults:4 | Found a magical portal.
 48389 | WizLab   | Entered Eringya's Formal Garden
 48433 | WizLab   | Reached skill level 7 in Conjurations
 48684 | WizLab   | Reached skill level 6 in Summonings
 48960 | WizLab   | Got Eringya's Handbook of Contamination
 48982 | WizLab   | Found a blossoming altar of Fedhas.
 49239 | Vaults:4 | Found Efree's Jewellery Emporium.
 49371 | Vaults:4 | Reached skill level 8 in Conjurations
 49405 | Vaults:4 | Noticed Donald
 49419 | Vaults:4 | Killed Donald
 50040 | Vaults:4 | Reached skill level 9 in Summonings
 50212 | Vaults:4 | Reached skill level 9 in Conjurations
 50232 | Vaults:4 | Identified the +3 robe of Marbles {rN++ Str+2}
 50232 | Vaults:4 | Noticed Boris
 50239 | Vaults:4 | Killed Boris
 51004 | Crypt:1  | Entered Level 1 of the Crypt
 51032 | Crypt:1  | Noticed Sojobo
 51237 | D:13     | Learned a level 7 spell: Spellforged Servitor
 51351 | Depths:1 | Entered Level 1 of the Depths
 51437 | Depths:1 | Reached skill level 10 in Conjurations
 51439 | Depths:1 | Reached XP level 23. HP: 179/213 MP: 41/43
 51685 | Depths:1 | Reached skill level 11 in Conjurations
 52006 | D:15     | Reached skill level 12 in Conjurations
 52072 | D:15     | Identified the +2 orcbow "Esiwecro" {elec, Str+3}
 52441 | Depths:1 | Identified the +2 demon trident of Midsummer {elec, rElec
                  | Will+ Str+4}
 52493 | Depths:1 | Found a gateway to Hell.
 52625 | Depths:1 | Found a one-way gate to the infinite horrors of the Abyss.
 52651 | Depths:1 | Reached skill level 13 in Conjurations
 52756 | Depths:1 | Found an opulent altar of Gozag.
 52949 | Depths:1 | Noticed a juggernaut
 52949 | Depths:1 | Found the +27 heavy crossbow "Sniper" {heavy, Acc+∞ SInv}
 52950 | Depths:1 | Found a runed translucent door.
 53310 | Depths:1 | Killed a juggernaut
 53316 | Depths:1 | Reached skill level 14 in Conjurations
 53317 | Depths:1 | Reached skill level 1 in Earth Magic
 53366 | Depths:1 | Identified the +0 robe of Untold Secrets {Str+4 Int+7}
 53596 | Depths:2 | Reached skill level 3 in Earth Magic
 54107 | Depths:2 | Reached skill level 6 in Earth Magic
 54242 | Depths:1 | Identified the +5 quarterstaff "Hellblazer" {flame, rN+
                  | SInv}
 54702 | Depths:2 | Identified the +7 orcbow "Qofegep" {elec, MP+9 SInv}
 55187 | Depths:3 | Upgraded the game from 0.32-a0-918-g0f22ef8d61 to
                  | 0.32-a0-921-g04a7ad8e02
 55255 | Depths:3 | Reached XP level 24. HP: 222/222 MP: 8/43
 55411 | Depths:3 | Noticed a caustic shrike
 55424 | Depths:3 | Killed a caustic shrike
 55764 | Depths:2 | Learned a level 6 spell: Bombard
 55792 | Depths:3 | Acquired the +6 Majin-Bo {spellvamp, MP+6 Int+6}
 55792 | Depths:3 | Found the +6 Majin-Bo {spellvamp, MP+6 Int+6}
 56370 | Depths:3 | Found Kucodu's Book Emporium.
 56371 | Depths:3 | Found Liedecs's Jewellery Shop.
 56371 | Depths:3 | Found Foreul's Jewellery Shop.
 57088 | Depths:3 | Learned a level 9 spell: Polar Vortex
 57128 | Depths:4 | Entered Level 4 of the Depths
 57128 | Depths:4 | Found a flickering gateway to a bazaar.
 57233 | Depths:4 | Reached skill level 1 in Necromancy
 57253 | Bazaar   | Entered a bazaar
 57253 | Bazaar   | Found Xitodait's Antique Armour Shoppe.
 57253 | Bazaar   | Found Ilededus's Jewellery Shop.
 57319 | Bazaar   | Found Ydighaocuo's Antique Weapon Emporium.
 57319 | Bazaar   | Found Lagaanan's General Store.
 57377 | Bazaar   | Bought a pair of faintly glowing gloves for 342 gold pieces
 57377 | Bazaar   | Identified the +0 pair of gloves "Pinniosi" {Int+6 Stlth-}
                  | (You bought it in a shop in a bazaar)
 57397 | Bazaar   | Bought a potion of mutation for 128 gold pieces
 57645 | Depths:4 | Found a one-way gateway to a ziggurat.
 58019 | Depths:4 | Found a gate to the Realm of Zot.
 58041 | Depths:4 | Reached skill level 3 in Necromancy
 58041 | Depths:4 | Reached skill level 15 in Ice Magic
 58148 | Depths:4 | Found the +11 Singing Sword {sonic wave}
 58541 | Crypt:1  | Paralysed by an air elemental for 1 turns
 58561 | Vaults:2 | Paralysed by an air elemental for 1 turns
 58569 | Vaults:2 | Killed Sojobo
 59210 | Crypt:1  | Identified the granite talisman "Emmeat" {Str+4}
 59799 | Crypt:2  | Identified the orb "Buniz" {light, Will+ Int+4}
 59799 | Crypt:2  | Noticed Frederick
 59989 | Crypt:2  | Noticed Grunn
 59995 | Crypt:2  | Killed Grunn
 59996 | Crypt:2  | Reached skill level 15 in Fighting
 60367 | Crypt:2  | Noticed Saint Roka
 60373 | Crypt:2  | Killed Saint Roka
 60467 | Crypt:2  | Killed Frederick
 60771 | Crypt:2  | Reached XP level 25. HP: 208/229 MP: 43/43
 61060 | Crypt:2  | Reached skill level 6 in Necromancy
 61747 | Crypt:3  | Entered Level 3 of the Crypt
 63141 | Crypt:3  | Noticed Mennas
 63505 | Crypt:3  | Noticed an ancient lich
 63513 | Crypt:3  | Killed an ancient lich
 63750 | Crypt:3  | Found an ancient bone altar of Kikubaaqudgha.
 63773 | Crypt:3  | Identified the scarf of Giugi {repulsion, ^Drain rElec
                  | rPois Int+2}
 64528 | Crypt:3  | Found a staircase to the Tomb.
 64606 | Crypt:3  | Identified the +7 demon trident of Pewut Wabur {freeze,
                  | rCorr Stlth+}
 65209 | D:11     | You paid a toll of 8 scrolls of fear to enter a treasure
                  | trove
 65210 | Trove    | Entered a treasure trove
 65215 | Trove    | Found the +10 Black Knight's barding {ponderous, rPois rN+}
 65218 | Trove    | Identified the ring "Toci" {rPois rC- AC+4 Str+3}
 65226 | Trove    | Identified the amulet of the Thoughtful Wishes {Spirit
                  | Will+ Int+5}
 65227 | Trove    | Identified the ring "Etuecrir" {Ice rCorr Int-2 SInv
                  | Stlth+}
 65540 | Slime:1  | Entered Level 1 of the Pits of Slime
 66222 | Slime:2  | You fall into a shaft and drop 2 floors!
 66695 | Slime:3  | Reached skill level 18 in Ice Magic
 67522 | Slime:5  | Entered Level 5 of the Pits of Slime
 67758 | Slime:5  | Noticed the Royal Jelly
 68196 | Slime:5  | Killed the Royal Jelly
 68197 | Slime:5  | Reached XP level 26. HP: 193/241 MP: 31/44
 68379 | Slime:5  | Found the crystal ball of Wucad Mu {*channel}
 68548 | Slime:5  | Got the Monograph on the Familiar and Fumes
 68562 | Slime:5  | Got a slimy rune of Zot
 69389 | Vaults:5 | Entered Level 5 of the Vaults
 69389 | Vaults:5 | Noticed Xtahua
 69394 | Vaults:5 | Reached skill level 18 in Spellcasting
 69399 | Vaults:5 | Noticed an ancient lich
 69401 | Vaults:5 | Killed Xtahua
 69431 | Vaults:5 | Killed an ancient lich
 69436 | Vaults:5 | Identified the ring of Monotheism {rPois rC+ rCorr AC+4
                  | Int-3}
 69439 | Vaults:5 | Reached skill level 15 in Conjurations
 69591 | Vaults:5 | Noticed a dread lich
 69697 | Vaults:5 | Noticed a dread lich
 69703 | Vaults:5 | Killed a dread lich
 69711 | Vaults:4 | Killed a dread lich
 69768 | Vaults:5 | Reached skill level 15 in Air Magic
 69832 | Vaults:5 | Gained mutation: You are vulnerable to cold. (rC-) [a
                  | shining eye]
 69839 | Vaults:5 | Reached skill level 16 in Conjurations
 69928 | Vaults:4 | Learned a level 9 spell: Chain Lightning
 70102 | Vaults:5 | Identified the staff of Ashenzari's Approval {rPois rC+
                  | Alchemy}
 70341 | Vaults:5 | Identified the +1 plate armour of Defiance {Str+2 Dex+6}
 70705 | Vaults:5 | Reached XP level 27. HP: 244/247 MP: 8/45
 70860 | Vaults:5 | Identified the +3 morningstar "Fiuff" {venom, Stlth+}
 70923 | Vaults:5 | Got the Guidebook on the Rocks and Displacement
 70979 | Vaults:5 | Identified the +0 ring mail of Tafyvone {rPois rC- Dex+7}
 71006 | Vaults:5 | Identified the ring of Yendor {Ice rCorr Str+7}
 71067 | Vaults:5 | Got a silver rune of Zot
 71085 | Vaults:5 | Noticed a dread lich
 71088 | Vaults:5 | Killed a dread lich
 71459 | Vaults:5 | Found the macabre finger necklace {Finger+ rN+}
 71925 | Zot:1    | Entered Level 1 of the Realm of Zot
 71938 | Zot:1    | Learned a level 8 spell: Ignition
 72187 | Zot:1    | Reached skill level 17 in Conjurations
 72750 | Zot:1    | Noticed a dread lich
 72756 | Zot:1    | Killed a dread lich
 72757 | Zot:1    | Reached skill level 18 in Conjurations
 73228 | Zot:1    | Reached skill level 18 in Air Magic
 73458 | Zot:1    | Learned a level 8 spell: Lehudib's Crystal Spear
 74106 | Zot:2    | Identified the +0 ring mail "Wiustiac" {rC- Dex+6 Slay+3}
 74248 | Zot:2    | Reached skill level 9 in Earth Magic
 74883 | Zot:2    | You fall into a shaft and drop 2 floors!
 75694 | Zot:3    | Noticed Vv
 75701 | Zot:3    | Killed Vv
 76684 | Zot:4    | Found the +8 longbow "Zephyr" {speed, Dex+3 SInv}
 76760 | Zot:4    | Reached skill level 19 in Conjurations
 77551 | Zot:5    | Entered Level 5 of the Realm of Zot
 77585 | Zot:5    | Noticed an orb of fire
 77590 | Zot:5    | Gained mutation: Your spells are easier to cast, but less
                  | powerful. [an orb of fire]
 77594 | Zot:5    | Killed an orb of fire
 78377 | Zot:5    | Reached skill level 20 in Conjurations
 78378 | Zot:5    | Noticed an orb of fire
 78383 | Zot:5    | Noticed an ancient lich
 78383 | Zot:5    | Noticed an orb of fire
 78385 | Zot:5    | Noticed an orb of fire
 78385 | Zot:5    | Noticed a dread lich
 78387 | Zot:5    | Killed an orb of fire
 78389 | Zot:5    | Killed an orb of fire
 78389 | Zot:5    | Noticed an orb of fire
 78389 | Zot:5    | Noticed a dread lich
 78389 | Zot:5    | Noticed an ancient lich
 78391 | Zot:5    | Killed an ancient lich
 78391 | Zot:5    | Killed a dread lich
 78392 | Zot:5    | Noticed an orb of fire
 78696 | Zot:5    | Gained mutation: You are frail. (-10% HP) [an orb of fire]
 78698 | Zot:5    | Gained mutation: You have hidden genetic defects. [an orb
                  | of fire]
 78699 | Zot:5    | Killed an orb of fire
 78703 | Zot:5    | Killed an orb of fire
 78708 | Zot:5    | Reached skill level 21 in Conjurations
 78710 | Zot:4    | Killed an ancient lich
 78857 | Zot:5    | Noticed a dread lich
 78862 | Zot:5    | Killed a dread lich
 78867 | Zot:5    | Killed an orb of fire
 78988 | Zot:5    | Killed a dread lich
 79637 | Zot:5    | Reached skill level 22 in Conjurations
 79884 | Zot:5    | Got the Orb of Zot
 80690 | D:4      | Noticed Sicuun the pandemonium lord
 80779 | D:$      | Escaped with the Orb!

Illustrated notes

Levels and vault maps discovered:
D:1:      matt_arrival_refuge, layout_basic
D:2:      layout_basic, minmay_small_reverse_x
D:3:      layout_basic, mainiacjoe_overflow_alcove_2, uniq_terence, uniq_sigmund
D:4:      layout_rooms, temple_green, uniq_duvessa, uniq_eustachio,
          uniq_blork_the_orc
D:5:      layout_loops_cross, amcnicky_altar_gilded,
          lightli_ossuary_entry_decrepit_ruins, kennysheep_pointless_box,
          uniq_crazy_yiuf_cottage
D:6:      layout_basic, nrook_mini_vaults, minmay_misc_feat_rows
D:7:      layout_rooms, mainiacjoe_overflow_cross_hatched
D:8:      layout_basic, david_lair_shrubbed
D:9:      layout_roguey, vehumet_statue, nicolae_uskayaw_dance_hall,
          zin_scriptorium
D:10:     layout_gridville, gammafunk_temple_overflow_wave
D:11:     wad_river_or_something, layout_irregular_city, david_orc_2,
          enter_trove_1, serial_shops, bzr_entry_road
D:12:     layout_basic, gauntlet_entry_generic, portal_ice_cave_demonic_guard,
          uniq_maurice
D:13:     layout_irregular_city, grunt_vaults_entry_fortified,
          nicolae_ru_great_annihilating_truth, uniq_sonja
D:14:     layout_cave_pods, serial_shops, nicolae_shop_mannequins,
          nicolae_shop_getting_attention, nicolae_shop_stone, chequers_jeans
D:15:     grunt_enter_depths_magical_seal, layout_stronghold,
          okawaru_metal_pillars_3, nrook_uturn, door_vault, uniq_jorgrun,
          uniq_rupert
Temple:   eino_temple_water
Lair:1:   lemuel_slime, layout_regular_city, chequers_serial_rivers_micro_d,
          minivault_23, nicolae_lair_run_with_the_wolves
Lair:2:   layout_cellular_growth
Lair:3:   layout_gridlike, nicolae_swamp_entry_splash_gauntlet,
          nicolae_snake_entry_warm_welcome, nzn_sisyphean_effort
Lair:4:   layout_layer_cave
Lair:5:   cheibrodos_lair_end_hotspot, layout_regular_city,
          minmay_slime_entry_jelly_boxes, st_stairs_13, minmay_lair_oklob_items,
          serial_bayou_shore_b, uniq_snorg
Swamp:1:  layout_falls_marsh, hangedman_swamp_lotus, swamp_pool_3,
          grunt_hermit_hut, uniq_frances
Swamp:2:  layout_basic_swamp, evilmike_swamp_ruin_house_5,
          nicolae_swamp_tree_isthmus, uniq_mlioglotl
Swamp:3:  layout_falls_marsh, evilmike_swamp_ruin_rubble_1,
          cheibrodos_swamp_pet_leeches
Swamp:4:  swamp_old_school, layout_basic_swamp
Snake:1:  layout_grid_maze, serial_shops, shop
Snake:2:  layout_concentric_octagons, minmay_shoptagon, nicolae_triple_integral,
          uniq_vashnia, uniq_nikola
Snake:3:  layout_cave_shapes
Snake:4:  grunt_snake_rune_pools, layout_cave_shapes, uniq_bai_suzhen
Slime:1:  layout_caves
Slime:2:  layout_caves
Slime:3:  layout_caves, nicolae_slime_barrier
Slime:4:  layout_caves
Slime:5:  slime_pit
Orc:1:    layout_diamond_mine
Orc:2:    pf_orc_diabolical, layout_caves, gammafunk_ghost_berserking_beasts
Elf:1:    nicolae_elf_arrival_aired_out, layout_loops_cross, serial_shops, shop,
          uniq_kirke
Elf:2:    nicolae_elf_blades_crystal_corner, layout_rooms, drop_trap,
          eino_tiny_chamber
Vaults:1: ontoclasm_vaults_water_temple, hangedman_vaults_stagger,
          nicolae_vaults_tetromino_L_1, nicolae_vaults_closet_pinwheel_1,
          v_alt_pattern_3, nicolae_vaults_trapezoid_4,
          nicolae_vaults_wine_cellar, nicolae_vaults_little_squares_4,
          nicolae_vaults_more_shelving_1, nicolae_vaults_hexular_roomagon,
          minmay_orc_keep, layout_vaults_omnigrid
Vaults:2: nicolae_vaults_steering_wheel, nicolae_vaults_diamond_1,
          nicolae_vaults_trapezoid_lopsided_3, minmay_crypt_entry_necro_gods,
          v_alt_pattern_2, nicolae_vaults_network_s,
          nicolae_vaults_three_branches, nicolae_vaults_heart-shaped_vault,
          ontoclasm_vaults_ring_small, vaults_room_hangedman_quadrants,
          nicolae_vaults_closet_pinwheel_4, layout_vaults_ring
Vaults:3: v_pattern_1, grunt_vaults_focal,
          nicolae_vaults_windows_and_doors_thing,
          nicolae_vaults_little_squares_5, ontoclasm_vaults_idyll,
          nicolae_vaults_library_corner, v_misc_11,
          nicolae_vaults_tetromino_L_1, layout_vaults_big_room, uniq_norris
Vaults:4: mu_enter_wizlab_1, nicolae_vaults_inception_corners, st_eye,
          vaults_room_octagon, vaults_dpeg_ring, vaults_mumra_minichess,
          nicolae_vaults_network_quinsquares
          [nicolae_vaults_network_quincunx_subvault,
          nicolae_vaults_network_quincunx_subvault,
          nicolae_vaults_network_quincunx_subvault,
          nicolae_vaults_network_quincunx_subvault], vaults_room_large_hall,
          ontoclasm_vaults_gateway, layout_vaults_big_cross, serial_shops, shop,
          uniq_donald, uniq_jory, uniq_margery, uniq_boris
Vaults:5: uniq_xtahua
Crypt:1:  layout_chaotic_city, uniq_sojobo
Crypt:2:  layout_regular_city, chequers_big_river, uniq_frederick, uniq_grunn,
          uniq_saint_roka
Crypt:3:  quadcrypt_mu, uniq_mennas
Depths:1: layout_gridville, hellmouth_3, grunt_pan_entry_zigzag,
          abyss_entry_crystal, chequers_serial_rivers_room_a, minivault_16,
          hangedman_decor_clover_reticule, minmay_st_funbox,
          nicolae_gozag_cash_rules_everything_around_me, firewood_loft
Depths:2: kennysheep_windowed_halls, layout_cave_shapes, minmay_strange_pillars,
          rand_demon_pan_entry_3, grunt_hell_entry_dis_grunt,
          kilobyte_mutagenic_chamber, infiniplex_staircase_spiral
Depths:3: minmay_crescents, layout_long_grid, serial_rivers,
          chequers_serial_rivers_room_a, chequers_serial_rivers_micro_c,
          chequers_serial_rivers_small_b, chequers_serial_rivers_micro_b,
          chequers_serial_rivers_micro_c, pf_hell_entry_great_geh,
          abyss_entry_glasseish, minmay_shop_grove
Depths:4: evilmike_zot_entry_basic, layout_gridville, enter_ziggurat_a,
          serial_shops, bzr_entry_water, hell_entry
Zot:1:    grunt_deathspiral_small, layout_onion_interference
Zot:2:    layout_cathedral_of_symmetry, grunt_megastairs_5
Zot:3:    layout_onion_interference, regret_index_zot_stipple_split,
          grunt_megastairs_4, uniq_vv
Zot:4:    layout_concentric_octagons
Zot:5:    layout_basic

Skill      XL: |  1  2  3  4  5  6  7  8  9 10 11 12 13 14 15 16 17 18 19 20 21 22 23 24 25 26 27 |
---------------+----------------------------------------------------------------------------------+-----
Stealth        | 4 5 6 7 8 10 | 10.0
Spellcasting   | 3 4 5 7 9 10 11 12 14 15 16 17 18 | 18.0
Ice Magic      | 5 6 9 12 13 14 15 18 19 | 19.0
Air Magic      | 3 5 6 8 10 11 12 13 15 18 | 18.0
Fire Magic     | 3 5 6 8 10 | 10.0
Fighting       | 2 3 5 6 10 12 13 14 15 16 | 16.0
Dodging        | 2 3 5 |  5.0
Armour         | 1 3 5 7 10 11 12 14 | 14.0
Shields        | 3 5 6 8 10 11 12 15 16 | 16.0
Translocations | 4 6 |  6.0
Conjurations   | 6 10 14 16 22 | 22.8
Summonings     | 10 | 10.0
Earth Magic    | 8 10 | 10.0
Necromancy     | 5 8 |  8.0

Action                     |  1- 3 |  4- 6 |  7- 9 | 10-12 | 13-15 | 16-18 | 19-21 | 22-24 | 25-27 || total
---------------------------+-------+-------+-------+-------+-------+-------+-------+-------+-------++-------
  Melee: Short sword       |     3 |     4 |    28 |    15 |       |       |       |       |       ||    50
         Dagger            |       |       |       |    53 |   146 |   136 |   149 |   130 |       ||   614
         Constrict         |       |       |       |       |    42 |    32 |    35 |    46 |    17 ||   172
         Bo                |       |       |       |       |       |       |       |    24 |    61 ||    85
         Unarmed           |       |       |       |       |       |       |       |     3 |       ||     3
         Double sword      |       |       |       |       |       |       |       |       |    19 ||    19
   Cast: Freeze            |    40 |    53 |   142 |   258 |    10 |       |       |       |       ||   503
         Frozen Ramparts   |       |       |    37 |    42 |    16 |       |       |       |       ||    95
         Plasma Beam       |       |       |       |     3 |   439 |   501 |   255 |   428 |   614 ||  2240
         Arcjolt           |       |       |       |       |    32 |    45 |    52 |    37 |    58 ||   224
         Freezing Cloud    |       |       |       |       |       |    81 |    44 |    47 |       ||   172
         Ozocubu's Refrige |       |       |       |       |       |       |    57 |   200 |    78 ||   335
         Blink             |       |       |       |       |       |       |       |     4 |       ||     4
         Spellforged Servi |       |       |       |       |       |       |       |    59 |    58 ||   117
         Bombard           |       |       |       |       |       |       |       |    21 |    33 ||    54
         Polar Vortex      |       |       |       |       |       |       |       |       |    16 ||    16
         Chain Lightning   |       |       |       |       |       |       |       |       |   111 ||   111
         Ignition          |       |       |       |       |       |       |       |       |    48 ||    48
         Lehudib's Crystal |       |       |       |       |       |       |       |       |    34 ||    34
Ability: Spit Poison       |    16 |    38 |    50 |    59 |    15 |     6 |     5 |     3 |       ||   192
  Evoke: Wand              |       |       |     1 |    37 |    15 |       |       |     1 |     7 ||    61
         Sack of spiders   |       |       |       |       |       |     2 |     1 |       |     1 ||     4
         Phial of floods   |       |       |       |       |       |     2 |       |     1 |     2 ||     5
         Phantom mirror    |       |       |       |       |       |     1 |     1 |       |     2 ||     4
    Use: Scroll            |       |       |     2 |    10 |    17 |     8 |     3 |     5 |    18 ||    63
         Potion            |       |       |       |       |     1 |     4 |     5 |     3 |     7 ||    20
   Stab: Sleeping          |       |       |     2 |     4 |     2 |     7 |     1 |       |     1 ||    17
         Paralysed         |       |       |       |    16 |       |       |       |       |       ||    16
         Distracted        |       |       |       |       |       |     1 |       |     1 |     2 ||     4
 Armour: Robe              |    19 |    40 |    94 |       |       |       |       |   229 |   745 ||  1127
         Steam dragon scal |       |       |    48 |   258 |   279 |   673 |   280 |    93 |       ||  1631
  Dodge: Dodged            |    20 |    19 |    78 |   233 |   222 |   312 |   164 |   138 |   195 ||  1381
         Repelled          |       |       |       |       |     5 |    98 |    29 |    46 |    91 ||   269
  Block: Other             |       |     8 |    19 |       |       |       |       |       |       ||    27
         Reflection        |       |     1 |       |     1 |       |    10 |    31 |    35 |    28 ||   106
         Buckler           |       |       |       |    72 |   103 |    22 |       |       |       ||   197
         Kite shield       |       |       |       |       |       |    61 |   287 |   295 |   262 ||   905

Table legend: (Time is in decaauts)
 A = Elapsed time spent in this place.
 B = Non-inter-level travel time spent in this place.
 C = Inter-level travel time spent in this place.
 D = Time resting spent in this place.
 E = Time spent auto-exploring this place.
 F = Levels seen in this place.
 G = Mean time per level.
                   A        B        C        D        E       F      G
               +--------+--------+--------+--------+--------+-----+--------+
         Total |  90614 |  80668 |   9946 |  14205 |  55687 |  61 | 1485.5 |
       Dungeon |  22078 |  18483 |   3595 |   1472 |  14717 |  15 | 1471.9 |
        Temple |     82 |      0 |     82 |      0 |      0 |   1 |   82.0 |
          Lair |   8310 |   7122 |   1188 |    634 |   5577 |   5 | 1662.0 |
         Swamp |   5162 |   4966 |    196 |   1491 |   2984 |   4 | 1290.5 |
     Snake Pit |   8365 |   7569 |    796 |   2075 |   4645 |   4 | 2091.2 |
    Slime Pits |   3729 |   3511 |    218 |    703 |   2401 |   5 |  745.8 |
  Orcish Mines |   3066 |   2674 |    392 |    327 |   1912 |   2 | 1533.0 |
   Elven Halls |   1383 |   1190 |    193 |    254 |    725 |   2 |  691.5 |
        Vaults |  13015 |  11445 |   1570 |   1706 |   7986 |   5 | 2603.0 |
         Crypt |   6570 |   5994 |    576 |   2018 |   3340 |   3 | 2190.0 |
        Depths |   7148 |   6652 |    496 |   1040 |   4558 |   4 | 1787.0 |
           Zot |   9140 |   8501 |    639 |   2483 |   5048 |   5 | 1828.0 |
        Bazaar |   1003 |   1003 |      0 |      0 |    622 |   2 |  501.5 |
         Trove |     47 |     47 |      0 |      0 |     28 |   1 |   47.0 |
       Ossuary |     42 |     42 |      0 |      0 |      2 |   1 |   42.0 |
        Wizlab |    893 |    893 |      0 |      0 |    748 |   1 |  893.0 |
      Gauntlet |    571 |    571 |      0 |      0 |    387 |   1 |  571.0 |
               +--------+--------+--------+--------+--------+-----+--------+

Top non-repeatable levels by time:
Vaults:2: 3352 daAuts
 Crypt:3: 3340 daAuts
 Snake:2: 3074 daAuts
Vaults:4: 2903 daAuts
Vaults:3: 2628 daAuts
 Snake:3: 2433 daAuts
Vaults:1: 2290 daAuts
    D:15: 2282 daAuts
   Zot:1: 2185 daAuts
  Lair:5: 2183 daAuts
   Orc:2: 2070 daAuts
Depths:2: 2064 daAuts
   Zot:2: 2050 daAuts
  Lair:1: 1982 daAuts
Depths:1: 1959 daAuts
